 Dungeon Crawl Stone Soup version 0.31-a0-175-g9f7f995f2b (webtiles) character file.

Game seed: 15833128298959355041

84 qw the Shooter (level 4, -9/28 HPs)
             Began as a Gargoyle Hunter on June 16, 2023.
             Killed by divine providence
             ... invoked by an orc priest
              (12 damage)
             ... on level 2 of the Dungeon.
             The game lasted 00:00:27 (944 turns).

qw the Shooter (Gargoyle Hunter)                     Turns: 944, Time: 00:00:27

Health: -9/28      AC:  6    Str: 15    XL:     4   Next: 46%
Magic:  4/4        EV: 11    Int:  9    God:
Gold:   56         SH:  0    Dex: 15    Spells: 3/3 levels left

rFire   . . .        Y - +0 shortbow
rCold   . . .        (shield currently unavailable)
rNeg    + . .        c - +0 leather armour
rPois   inf          (no helmet)
rElec   +            (no cloak)
rCorr   +            (no gloves)
SInv    .            (no boots)
Will    .....        (no amulet)
Stlth   ++           i - ring of resist corrosion
HPRegen 0.24/turn    (no ring)
MPRegen 0.09/turn

%: no passive effects
@: no status effects
A: sickness immunity, AC +3, negative energy resistance 1, electricity
resistance, torment resistance 1, petrification resistance
a: no special abilities


You were on level 2 of the Dungeon.
You visited 1 branch of the dungeon, and saw 2 of its levels.

You collected 56 gold pieces.


Innate Abilities, Weirdness & Mutations

You are immune to sickness and miasma.
Your stone body is resilient. (AC +3)
You are immune to poison.
You resist negative energy. (rN+)
You are resistant to electric shocks. (rElec)
You are resistant to unholy torment.
You are immune to petrification.


   Skills:
 - Level 3.0 Fighting
 + Level 5.4 Ranged Weapons
 - Level 1.5 Dodging
 - Level 1.1 Stealth


You had 3 spell levels left.
You didn't know any spells.
Your spell library was empty.

Inventory:

Hand Weapons
 Y - a +0 shortbow (weapon)
Armour
 c - a +0 leather armour (worn)
Jewellery
 i - a ring of resist corrosion (left hand)
Scrolls
 a - a scroll of amnesia {unknown}
 d - a scroll of fear {unknown}
 f - a scroll of identify {unknown}
Potions
 b - a potion of attraction {unknown}
 e - a potion of heal wounds {unknown}
 g - a potion of brilliance {unknown}
 h - a potion of lignification

Dungeon Overview and Level Annotations

Branches:
Dungeon (2/15)

Altars:


Message History

A frilled lizard comes into view.
The orc priest completely misses you. The orc hits you with a +0 falchion.
The orc priest barely misses you. The hobgoblin hits you.
The orc hits you with a +0 dagger.
You shoot an arrow. The arrow hits the orc priest.
The orc priest is almost dead.
The orc closely misses you.
The hobgoblin hits you but does no damage.
The orc priest hits you with a +0 club. The orc hits you but does no damage.
You shoot an arrow. The arrow hits the orc priest.
You kill the orc priest!
The orc hits you but does no damage.
The hobgoblin hits you but does no damage.
The orc hits you but does no damage.
You have reached level 4!
You feel stronger.
You shoot an arrow. The arrow hits the orc.
The orc is lightly wounded.
The orc hits you but does no damage. The hobgoblin barely misses you.
The orc hits you but does no damage.
You shoot an arrow. The arrow closely misses the orc.
You hear a shout!
The orc hits you with a +0 falchion.
The hobgoblin hits you but does no damage.
The orc hits you but does no damage.
You shoot an arrow.
The arrow hits the orc but does no damage.
The orc is lightly wounded.
The orc barely misses you.
An orc priest comes into view. It is wielding a +0 mace.
The hobgoblin hits you but does no damage.
The orc misses you.
The hobgoblin hits you but does no damage.
The frilled lizard closely misses you. The orc hits you but does no damage.
You shoot an arrow. The arrow hits the orc.
The orc is heavily wounded.
The orc closely misses you. The frilled lizard barely misses you.
The hobgoblin hits you but does no damage.
The orc priest calls down the wrath of Beogh upon you.
Beogh smites you!
You die...

....... ##...# .#..##
#####.....
....####.......### ..
..#......####....# ..#
.....:...........# #..#
#.###.##..#......###...##
......###...#...........#
............./...g.......
...............o@l.......
.....##.........oo...##.
........#########)####
.#..#..# .)# .##.##. #.
8..# ....##.#$ .o...
.#..#..# ...... .#.....#
........ ..# ..#
8...8....


You could see an orc priest, 2 orcs, a hobgoblin and a frilled lizard.

Vanquished Creatures
  An orc priest (D:2)
  2 adders (D:2)
  A worm (D:1)
  2 orcs (D:2)
  A bat (D:1)
  4 endoplasms
  4 giant cockroaches
  3 goblins (D:1)
  3 hobgoblins (D:1)
  A quokka (D:2)
  3 frilled lizards
  4 kobolds (D:1)
  2 rats (D:1)
31 creatures vanquished.

Notes
Turn   | Place    | Note
-------+----------+-------------------------------------------
     0 | D:1      | qw the Gargoyle Hunter began the quest for the Orb.
     0 | D:1      | Reached XP level 1. HP: 12/12 MP: 1/1
     0 | D:1      | 0 ||| qw: Version: 0.2-a-29-g511e9b1
     0 | D:1      | 0 ||| qw: Game counter: 5757
     0 | D:1      | 0 ||| qw: Always use a shield: true
     0 | D:1      | 0 ||| qw: God list: Okawaru
     0 | D:1      | 0 ||| qw: Allow faded altars: false
     0 | D:1      | 0 ||| qw: Do Orc after D:15 true
     0 | D:1      | 0 ||| qw: Do second Lair branch before Depths: true
     0 | D:1      | 0 ||| qw: Lair rune preference: random
     0 | D:1      | 0 ||| qw: Plans: Normal, Zot:1-4, Slime:5, God:TSO, Crypt,
                  | Tomb, Abyss, Pan, Hells, Win
     0 | D:1      | 0 ||| PLANNING D:1-11
    76 | D:1      | Reached XP level 2. HP: 16/17 MP: 2/2
   286 | D:1      | 286 ||| FLEEEEING.
   287 | D:1      | 287 ||| FLEEEEING.
   288 | D:1      | 288 ||| FLEEEEING.
   289 | D:1      | 289 ||| FLEEEEING.
   290 | D:1      | 290 ||| FLEEEEING.
   291 | D:1      | 291 ||| FLEEEEING.
   292 | D:1      | 292 ||| FLEEEEING.
   503 | D:1      | Found a faded altar of an unknown god.
   692 | D:1      | 692 ||| UPGRADING to ring of resist corrosion.
   693 | D:1      | 693 ||| READING scroll labelled EZIDUE ULERE.
   694 | D:1      | 694 ||| READING scroll labelled LEIWOPHEHA.
   695 | D:1      | 695 ||| DRINKING 2 bubbling golden potions.
   696 | D:1      | 696 ||| DRINKING 2 grey potions.
   727 | D:1      | 727 ||| DROPPING scroll of butterflies.
   728 | D:1      | 728 ||| DROPPING potion of enlightenment.
   762 | D:2      | 762 ||| STAIRDANCE
   769 | D:1      | HP: 4/17 [worm (4)]
   772 | D:1      | Reached skill level 5 in Ranged Weapons
   772 | D:1      | Reached XP level 3. HP: 6/21 MP: 3/3
   912 | D:2      | Reached skill level 3 in Fighting
   924 | D:2      | 924 ||| Stepping ~*~*~tactically~*~*~ (outnumbered).
   926 | D:2      | 926 ||| Stepping ~*~*~tactically~*~*~ (outnumbered).
   938 | D:2      | HP: 4/23 [orc/+0 dagger (3)]
   941 | D:2      | Reached XP level 4. HP: 4/28 MP: 4/4
   944 | D:2      | Killed from afar by an orc priest

Levels and vault maps discovered:
D:1:      minmay_arrival_open_corners, layout_loops_ring,
          shapermc_ecumenical_altar_mp_vishouse
D:2:      cheibrodos_pilgrimage, layout_rooms, hangedman_decor_push,
          nicolae_underground_beach

Skill      XL: |  1  2  3 |
---------------+----------+-----
Ranged Weapons | 5 |  5.4
Fighting       | 3 |  3.0
Dodging        | |  1.5
Stealth        | |  1.1

Action                     |  1- 3 |  4- 6 || total
---------------------------+-------+-------++-------
   Fire: Shortbow          |   103 |     4 ||   107
    Use: Scroll            |     2 |       ||     2
         Potion            |     2 |       ||     2
 Armour: Leather armour    |    21 |     8 ||    29
  Dodge: Dodged            |    31 |     6 ||    37

Table legend:
 A = Non-vault XP
 B = Vault XP
 C = Vault XP percentage of total XP
 D = Non-vault monster count
 E = Vault monster count
 F = Vault count percentage of total count
                 A         B        C        D         E       F
            +---------+---------+-------+---------+---------+-------
      Total |      72 |      49 |  40.5 |      28 |       3 |   9.7
            +---------+---------+-------+---------+---------+-------
        D:1 |      39 |       0 |   0.0 |      22 |       0 |   0.0
        D:2 |      33 |      49 |  59.8 |       6 |       3 |  33.3
            +---------+---------+-------+---------+---------+-------
